AoeStats
← ajanderson120

Black Forest

507379470Analyzed
4v4 RM · 25d ago on Sep 18, 2026· 54m 16s· 8 players
Game mode
Random Map
Map size
Large (8 player)
Population
200
Speed
Normal
Resources
Standard
Victory
Conquest
Starting age
Dark Age
Ending age
Imperial Age
RankedLock teamsTeams togetherTeam positionsShared explorationLock speedFull tech treeHidden civsTurbo modeCheats
Victory
Defeat
🇺🇸 Koreans · United States
1188
+12
🇬🇧 Dravidians · United Kingdom
1166
+12
🇺🇸 Italians · United States
1146
+13
🇮🇹 Byzantines · Italy
1135
+14
vs
🇺🇸 Khmer · United States
1120
-14
🇺🇸 Bohemians · United States
1094
-13
🇩🇴 Romans · Dominican Republic
1072
-12
🇺🇸 Celts · United States
1057
-12
Renesis
3:12 Loom
12:06 Feudal Age
16:17 Castle Age
14:22 Horse Collar
14:31 Double-Bit Axe
19:50 Heavy Plow
22:08 Bow Saw
22:36 Wheelbarrow
22:13 Stone Mining
22:14 Gold Mining
25:01 Hand Cart
24:41 Fletching
28:59 Squires
28:19 Pikeman
33:52 Imperial Age
31:29 Husbandry
31:42 Forging
31:37 Scale Barding Armor
31:32 Scale Mail Armor
31:32 Gambesons
31:32 Arson
32:59 Fortified Wall
32:30 Treadmill Crane
34:50 Stone Shaft Mining
34:50 Gold Shaft Mining
34:52 Chain Mail Armor
35:12 Iron Casting
34:21 Capped Ram
34:24 Halberdier
38:17 Two-Man Saw
37:51 Crop Rotation
38:43 Conscription
38:59 Hoardings
41:12 Plate Mail Armor
41:03 Chain Barding Armor
42:29 Chemistry
43:31 Plate Barding Armor
46:06 Elite Cataphract
49:49 Gold Shaft Mining
50:33 Guilds
50:24 Caravan
ajanderson120
10:08 Feudal Age
11:26 Double-Bit Axe
14:27 Loom
17:15 Castle Age
15:35 Horse Collar
15:46 Gold Mining
16:29 Fishing Lines
19:39 Bow Saw
22:04 Heavy Plow
23:09 Stone Mining
27:19 Wheelbarrow
27:32 Fervor
28:33 Hand Cart
29:07 Gold Shaft Mining
32:24 Imperial Age
29:39 Town Watch
30:10 Treadmill Crane
30:51 Ballistics
31:15 Stone Shaft Mining
32:11 Masonry
32:06 Eupseong
32:26 Squires
32:17 Fletching
32:26 Murder Holes
32:52 Heavy Rocket Cart
33:56 Conscription
34:56 Chemistry
34:51 Bodkin Arrow
34:21 Elite War Wagon
37:55 Light Cavalry
39:00 Bracer
39:06 Scale Barding Armor
39:11 Forging
39:12 Siege Engineers
38:53 Arrowslits
38:56 Hussar
41:13 Husbandry
41:37 Chain Barding Armor
41:52 Iron Casting
41:29 Caravan
43:55 Scale Mail Armor
47:27 Shinkichon
49:27 Cavalier
52:53 Two-Man Saw
53:19 Guilds
53:41 Coinage
Sir Faffalot
11:43 Feudal Age
15:32 Castle Age
13:32 Double-Bit Axe
14:29 Horse Collar
16:23 Fishing Lines
17:04 Bow Saw
20:07 Loom
22:41 Gillnets
23:50 Wheelbarrow
23:22 Heavy Plow
24:55 Hand Cart
29:34 Imperial Age
28:15 Fletching
28:26 Padded Archer Armor
28:34 Medical Corps
29:40 Ballistics
29:32 Masonry
29:18 Bodkin Arrow
29:17 Gold Mining
29:19 Stone Mining
30:01 Thumb Ring
30:13 Leather Archer Armor
29:46 Elite Elephant Archer
30:49 Conscription
30:53 Caravan
31:26 Bracer
31:29 Town Watch
32:25 Hoardings
32:30 Ring Archer Armor
33:17 Chemistry
34:04 Siege Elephant
39:43 Bombard Tower
39:19 Murder Holes
40:42 Husbandry
jellyman123
0:29 Loom
11:39 Feudal Age
15:57 Castle Age
14:29 Double-Bit Axe
14:41 Stone Mining
14:33 Horse Collar
15:17 Gold Mining
25:34 Fletching
25:45 Padded Archer Armor
26:41 Heavy Plow
28:44 Bodkin Arrow
29:05 Leather Archer Armor
31:51 Silk Road
32:00 Bow Saw
33:04 Ballistics
36:09 Imperial Age
34:16 Wheelbarrow
35:53 Fortified Wall
35:26 Treadmill Crane
35:48 Fishing Lines
37:57 Two-Man Saw
37:59 Chemistry
37:14 Bracer
37:45 Ring Archer Armor
39:32 Forging
39:22 Scale Mail Armor
41:10 Iron Casting
41:33 Masonry
45:47 Elite Skirmisher
52:23 Caravan
NY-Radamantiz
0:28 Loom
12:38 Feudal Age
13:46 Double-Bit Axe
16:10 Castle Age
14:42 Horse Collar
17:09 Bow Saw
17:03 Heavy Plow
20:21 Fervor
24:58 Wheelbarrow
30:23 Imperial Age
28:58 Chemistry
29:43 Forging
29:34 Scale Mail Armor
30:33 Houfnice
31:29 Siege Engineers
33:03 Two-Man Saw
31:54 Pikeman
32:34 Squires
32:19 Arson
33:32 Chain Mail Armor
33:53 Iron Casting
33:27 Halberdier
37:44 Plate Mail Armor
38:15 Blast Furnace
37:21 Wagenburg Tactics
43:51 Man-at-Arms
44:41 Long Swordsman
45:57 Conscription
46:20 Two-Handed Swordsman
48:19 Fletching
NY-judyelpesao
0:28 Loom
14:06 Feudal Age
16:16 Wheelbarrow
15:25 Horse Collar
19:03 Castle Age
17:01 Double-Bit Axe
28:25 Fletching
41:22 Imperial Age
39:14 Hand Cart
41:19 Caravan
43:05 Heavy Scorpion
45:07 Capped Ram
NY-HENRY
0:27 Loom
12:57 Feudal Age
16:45 Castle Age
17:24 Wheelbarrow
16:52 Double-Bit Axe
28:52 Imperial Age
31:24 Gold Mining
34:48 Ballistics
35:24 Conscription
38:54 Elite Ballista Elephant
39:36 Double Crossbow
40:39 Bow Saw
42:18 Chemistry
53:08 Hand Cart
adriel.fe1123
0:34 Loom
12:43 Feudal Age
17:09 Double-Bit Axe
20:04 Castle Age
17:49 Horse Collar
18:28 Stone Mining
18:32 Gold Mining
21:34 Heavy Plow
21:48 Bow Saw
29:25 Wheelbarrow
29:40 Ballistics
30:41 Hand Cart
33:55 Imperial Age
31:30 Fletching
33:24 Hand Cart
35:09 Coinage
34:34 Heavy Scorpion
35:33 Murder Holes
37:15 Gold Shaft Mining
38:11 Chemistry
37:22 Ballistas
37:48 Forging
37:39 Scale Mail Armor
37:34 Bodkin Arrow
37:40 Padded Archer Armor
38:04 Man-at-Arms
38:06 Pikeman
38:46 Squires
41:08 Crop Rotation
42:36 Leather Archer Armor
42:37 Chain Mail Armor
42:28 Scale Barding Armor
43:02 Town Watch
46:40 Capped Ram
Connection lost

Rejoining the realm…

Still unreachable

The connection could not be restored.

Session expired

The server has moved on; the page needs a fresh start.